 Dungeon Crawl Stone Soup version 0.21-a0-496-g696f58f (webtiles) character file.

1866 slep the Skirmisher (level 9, 0/79 HPs)
             Began as a Hill Orc Wanderer on Nov 24, 2017.
             Was a Believer of Okawaru.
             Succumbed to selky's ghost's poison
             ... on level 6 of the Dungeon.
             The game lasted 00:29:25 (6123 turns).

slep the Skirmisher (Hill Orc Wanderer)             Turns: 6123, Time: 00:29:25

Health: 0/79       AC: 14    Str: 13    XL:     9   Next: 13%
Magic:  9/9        EV: 10    Int: 13    God:    Okawaru [**....]
Gold:   314        SH:  0    Dex: 14    Spells: 8/8 levels left

rFire    + . .     SeeInvis .   y - +1 flail (holy)
rCold    . . .     Gourm    .   (no shield)
rNeg     . . .     Faith    .   w - +0 scale mail
rPois    .         Spirit   .   C - +1 helmet
rElec    .         Reflect  .   (no cloak)
rCorr    .         Harm     .   G - +0 pair of gloves
MR       .....                  (no boots)
Stlth    +.........             r - amulet of rage
HPRegen  0.23/turn              g - +2 ring of slaying
MPRegen  0.11/turn              A - +3 ring of protection

@: lethally poisoned (0 -> -20), hasted, very quick
A: fire resistance 1, screaming 1, MP-powered wands
a: Heroism, Renounce Religion, Evoke Berserk Rage


You were on level 6 of the Dungeon.
You worshipped Okawaru.
Okawaru was pleased with you.
You were near starving.

You visited 1 branch of the dungeon, and saw 6 of its levels.

You collected 314 gold pieces.

Inventory:

Hand Weapons
 a - a +2 hand crossbow
 b - a +0 dagger of venom
 s - a +0 flail
 y - a +1 flail of holy wrath (weapon)
 z - a +1 falchion
Missiles
 o - 37 bolts
 p - 7 tomahawks (quivered)
 K - 8 javelins
Armour
 w - a +0 scale mail (worn)
 C - a +1 helmet (worn)
 G - a +0 pair of gloves (worn)
Magical Staves
 n - an uncursed staff of fire
Jewellery
 g - a +2 ring of slaying (left hand)
 l - an uncursed ring of positive energy
 r - an amulet of rage (around neck)
 t - an uncursed ring of stealth
 A - a +3 ring of protection (right hand)
Wands
 e - a wand of iceblast (6)
 u - a wand of paralysis (6)
 B - a wand of flame (23)
 H - a wand of enslavement (18)
Scrolls
 c - a scroll of enchant armour {unknown}
 d - 3 scrolls of remove curse
 h - 4 scrolls of teleportation
 i - 2 scrolls of amnesia
 k - a scroll of enchant weapon
 m - 5 scrolls of identify
 q - a scroll of fear
 v - a scroll of magic mapping
 I - a scroll of torment {unknown}
 L - a scroll of fog {unknown}
Potions
 D - a potion of invisibility
 E - a potion of magic
 F - 2 potions of haste
Comestibles
 f - 5 bread rations
 j - 3 meat rations
 x - 2 royal jellies


   Skills:
 + Level 7.1 Fighting
 + Level 2.2(2.9) Short Blades
 + Level 3.0(3.5) Long Blades
   Level 1.3(5.0) Axes
 + Level 6.4(6.5) Maces & Flails
 + Level 0.2(3.2) Staves
 + Level 2.9 Crossbows
 + Level 5.6 Armour
 + Level 2.8 Dodging
 + Level 3.6 Stealth
 + Level 0.3 Evocations


You had 8 spell levels left.
You didn't know any spells.

Dungeon Overview and Level Annotations

Branches:
Dungeon (6/15)             Temple (0/1) D:5

Altars:
Cheibriados
Nemelex Xobeh
Okawaru
Sif Muna
Vehumet
Xom
The Shining One

Shops:
D:5 [

Annotations:
D:6 selky's ghost, novice GrEE


Innate Abilities, Weirdness & Mutations

Your flesh is heat resistant. (rF+)
You occasionally shout uncontrollably at your foes.
You expend magic power (3 MP) to strengthen your wands.


Message History

Selky's ghost is severely damaged.
* * * LOW HITPOINT WARNING * * *
You feel sick.
You miss selky's ghost.
Selky's ghost is severely damaged.
* * * LOW HITPOINT WARNING * * *
You feel sick. Selky's ghost hits you.
* * * LOW HITPOINT WARNING * * *
You are more poisoned.
You completely miss selky's ghost.
Selky's ghost is severely damaged.
* * * LOW HITPOINT WARNING * * *
You feel sick. Selky's ghost misses you.
You sock selky's ghost!
Selky's ghost convulses.
Selky's ghost is almost destroyed.
* * * LOW HITPOINT WARNING * * *
You feel sick.
You hit selky's ghost but do no damage.
Selky's ghost is almost destroyed.
You die...

#....## #.#.# ##.##.###.
##.....####.#.#### ##...#....#
#.....###........# #..#.....).
#......<..#.#.##.# # #.###......
#.....#####.#.##.#.# #..#.......
####.<# #.#.##.#.# ##..>##...#
#........#......# #######.##
#...##########W### #.# #<....
##.@.# ###.# #....... ##....#
##.#.#
.........####.....#########....##
.........+....<..................
.........####...#.#########....##
##.#...## ##.#.# ##...>.## ###.#
#.......# #.# #+# #.......#
#####.##


You could see selky's ghost.

Vanquished Creatures
  A two-headed ogre (D:5)
  Grinder (D:6)
  The ghost of Alex the Cudgeler, an amateur NaWr of Cheibriados (D:4)
  Menkaure (D:6)
  A water moccasin (D:5)
  An ice beast (D:6)
  A bullfrog (D:6)
  A scorpion (D:6)
  An orc priest (D:4)
  3 orc wizards
  An iguana (D:5)
  Ijyb (D:5)
  3 worker ants
  A hound skeleton (D:4)
  A howler monkey zombie (D:5)
  A howler monkey skeleton (D:5)
  5 adders
  A shadow imp (D:6)
  An ooze (D:1)
  An adder skeleton (D:6)
  5 worms
  2 leopard geckos
  21 orcs
  A ball python (D:3)
  3 giant cockroaches
  11 goblins
  7 hobgoblins
  4 jackals (D:1)
  5 quokkas
  8 bats
  6 frilled lizards
  4 kobolds
  12 rats
117 creatures vanquished.

Notes
Turn   | Place    | Note
-------+----------+-------------------------------------------
     0 | D:1      | slep the Hill Orc Wanderer began the quest for the Orb.
     0 | D:1      | slep set off with: a +2 hand crossbow, 29 bolts, a +0 ring mail, a potion of lignification, a +0 dagger, a bread ration
     0 | D:1      | Reached XP level 1. HP: 22/22 MP: 1/1
   217 | D:1      | Reached skill level 5 in Fighting
   243 | D:1      | Reached XP level 2. HP: 5/29 MP: 2/2
   932 | D:1      | Reached skill level 1 in Dodging
  1017 | D:2      | Reached XP level 3. HP: 36/36 MP: 3/3
  1226 | D:2      | Found a shimmering altar of Xom.
  1552 | D:2      | Found an iron altar of Okawaru.
  1555 | D:2      | Became a worshipper of Warmaster Okawaru
  1743 | D:2      | Gained mutation: You occasionally shout uncontrollably at your foes. [potion of mutation]
  1743 | D:2      | Gained mutation: You expend magic power (3 MP) to strengthen your wands. [potion of mutation]
  1743 | D:2      | Gained mutation: Your flesh is heat resistant. (rF+) [potion of mutation]
  1812 | D:2      | Reached XP level 4. HP: 24/42 MP: 4/4
  2066 | D:3      | Reached skill level 1 in Short Blades
  2319 | D:3      | Found a snail-covered altar of Cheibriados.
  2352 | D:3      | Reached XP level 5. HP: 10/48 MP: 5/5
  2676 | D:3      | Found a sparkling altar of Nemelex Xobeh.
  2836 | D:3      | Found a deep blue altar of Sif Muna.
  3092 | D:3      | Found a glowing golden altar of the Shining One.
  3150 | D:4      | Found a sparkling altar of Nemelex Xobeh.
  3248 | D:4      | Reached skill level 1 in Long Blades
  3280 | D:4      | Found a radiant altar of Vehumet.
  3561 | D:4      | Reached XP level 6. HP: 5/56 MP: 2/6
  3844 | D:4      | Noticed Alex's ghost (amateur NaWr)
  3868 | D:4      | Killed Alex's ghost
  3868 | D:4      | Reached * piety under Okawaru
  3868 | D:4      | Reached skill level 1 in Maces & Flails
  4137 | D:4      | Reached XP level 7. HP: 38/62 MP: 7/7
  4603 | D:5      | Entered Level 5 of the Dungeon
  4680 | D:5      | Found Xerhiof's Antique Armour Emporium.
  4706 | D:5      | Noticed a two-headed ogre
  4721 | D:5      | Killed a two-headed ogre
  4721 | D:5      | Reached ** piety under Okawaru
  4721 | D:5      | Reached skill level 6 in Fighting
  4721 | D:5      | Reached XP level 8. HP: 46/71 MP: 4/8
  4791 | D:5      | Reached skill level 5 in Armour
  4792 | D:5      | Noticed Ijyb
  4808 | D:5      | Killed Ijyb
  5438 | D:5      | Found a staircase to the Ecumenical Temple.
  5655 | D:6      | Noticed Menkaure
  5664 | D:6      | Killed Menkaure
  5664 | D:6      | Reached skill level 5 in Maces & Flails
  5879 | D:6      | Reached skill level 7 in Fighting
  5879 | D:6      | Reached XP level 9. HP: 48/79 MP: 9/9
  6020 | D:6      | Noticed Grinder
  6031 | D:6      | Killed Grinder
  6082 | D:6      | Noticed selky's ghost (novice GrEE)
  6096 | D:6      | HP: 3/79 [selky's ghost (2)]
  6121 | D:6      | HP: 3/79 [poisoned by selky's ghost]
  6123 | D:6      | Succumbed to selky's ghost's poison

Vault maps used:
D:1:      dpeg_arrival_circle_labyrinth_a
D:2:      xom_teletrap_fun, lemuel_doored_altar, minmay_misc_feat_columns
D:3:      lemuel_crystal_altar, nicolae_overflow_crystal_walls,
          lemuel_round_altar, tso_altar
D:4:      cheibrodos_quashed, lemuel_round_altar, first_bread,
          nemelex_diamond_rough_becter
D:5:      minmay_temple_entry_overgrown, serial_shops, nicolae_shop_crystal,
          uniq_ijyb
D:6:      uniq_menkaure, uniq_duvessa, uniq_grinder

Skill      XL: |  1  2  3  4  5  6  7  8  9 |
---------------+----------------------------+-----
Fighting       | 5 6 7 |  7.1
Dodging        | 1 2 |  2.8
Crossbows      | 2 |  2.9
Short Blades   | 1 2 |  2.2
Armour         | 2 3 4 5 |  5.6
Long Blades    | 2 3 |  3.0
Maces & Flails | 1 4 5 6 |  6.4
Stealth        | 2 3 |  3.6
Axes           | |  1.3
Staves         | |  0.2
Evocations     | |  0.3

Action                   |  1- 3 |  4- 6 |  7- 9 || total
-------------------------+-------+-------+-------++-------
Melee: Dagger            |    82 |    32 |     5 ||   119
       Staff             |    75 |       |       ||    75
       Flail             |       |   156 |   129 ||   285
       Falchion          |       |   157 |       ||   157
 Fire: Hand crossbow     |    58 |    22 |       ||    80
Evoke: Wand              |     1 |     1 |     1 ||     3
  Use: Potion            |     3 |     2 |     3 ||     8
       Scroll            |       |       |     8 ||     8
 Stab: Paralysed         |       |     5 |     5 ||    10
  Eat: Chunk             |     3 |     8 |     5 ||    16
Armor: Ring mail         |   100 |     4 |       ||   104
       Skin              |    35 |       |       ||    35
       Scale mail        |       |   186 |    75 ||   261
Dodge: Dodged            |   115 |   189 |    50 ||   354
       Rpst.: Falchion   |       |    22 |       ||    22

Table legend:
 A = Spawn XP
 B = Non-spawn XP
 C = Spawn XP percentage of total XP
 D = Spawn monster count
 E = Non-spawn monster count
 F = Spawn count percentage of total count
 G = Total turns spent on level
                    A         B        C        D         E        F      G
               +---------+---------+-------+---------+---------+-------+---------
         Total |       0 |    2666 |   0.0 |       0 |     117 |   0.0 |  6123
               +---------+---------+-------+---------+---------+-------+---------
           D:1 |       0 |      30 |   0.0 |       0 |      17 |   0.0 |   972
           D:2 |       0 |      55 |   0.0 |       0 |      25 |   0.0 |   973
           D:3 |       0 |     120 |   0.0 |       0 |      34 |   0.0 |  1184
           D:4 |       0 |     417 |   0.0 |       0 |      16 |   0.0 |  1474
           D:5 |       0 |    1283 |   0.0 |       0 |      15 |   0.0 |  1033
           D:6 |       0 |     761 |   0.0 |       0 |      10 |   0.0 |   487
               +---------+---------+-------+---------+---------+-------+---------
